 Dungeon Crawl Stone Soup version 0.19.0-18-g426998a (webtiles) character file.

14506 Chiseanne the Fighter (level 11, -10/93 HPs)
             Began as a Demonspawn Hunter on Nov 11, 2016.
             Was a High Priest of Ru.
             Killed from afar by an orc sorcerer (27 damage)
             ... with a bolt of fire
             ... on level 2 of the Orcish Mines.
             The game lasted 00:40:33 (14100 turns).

Chiseanne the Fighter (Demonspawn Hunter)          Turns: 14100, Time: 00:40:34

Health: -10/93     AC: 24    Str: 19    XL:     11   Next: 89%
Magic:  11/11      EV: 18    Int: 12    God:    Ru [*****.]
Gold:   975        SH:  7    Dex: 14    Spells: 0 memorised, 10 levels left

rFire  . . .     SeeInvis .     s - +2 broad axe (elec)
rCold  + . .     Gourm    .     t - +2 ring mail {rC+}
rNeg   . . .     Faith    .     e - +0 shield
rPois  .         Spirit   .     i - +0 helmet
rElec  .         Reflect  .     L - +0 cloak
rCorr  +         Harm     .     P - +0 pair of gloves
MR     .....                    d - +1 pair of boots
Stlth  ..........               E - amulet of magic regeneration
                                j - +5 ring of protection
                                w - +6 ring of evasion

@: mighty, very slightly contaminated, drained, invisible
A: hooves 1, yellow scales 3, demonic guardian 1, dopey 1, powered by pain 2, no
stealth, no necromancy magic, no poison magic, no translocations magic,
disrupted magic 1, unskilled 1
a: Draw Out Power, Power Leap, Apocalypse, Renounce Religion


You were on level 2 of the Orcish Mines.
You worshipped Ru.
Ru was extremely pleased with you.
You were hungry.

You visited 2 branches of the dungeon, and saw 15 of its levels.

You collected 975 gold pieces.

Inventory:

Hand Weapons
 a - a +3 flail of venom
 s - a +2 broad axe of electrocution (weapon)
Missiles
 c - 12 javelins (quivered)
 n - 50 bolts
 r - 4 curare-tipped needles
 y - 123 sling bullets
 B - 6 needles of sleeping
 I - 11 tomahawks
 M - 15 poisoned needles
 T - 3 poisoned tomahawks
 Z - 2 steel tomahawks
Armour
 d - a +1 pair of boots (worn)
 e - a +0 shield (worn)
 i - a +0 helmet (worn)
 t - a +2 ring mail of cold resistance (worn)
 L - a +0 cloak (worn)
 P - a +0 pair of gloves (worn)
 U - +0 mottled dragon scales
Jewellery
 j - a +5 ring of protection (right hand)
 w - a +6 ring of evasion (left hand)
 D - an uncursed ring of protection from fire
 E - an amulet of magic regeneration (around neck)
 R - an uncursed ring of see invisible
Scrolls
 g - 2 scrolls of blinking
 l - a scroll of immolation
 m - 6 scrolls of fear
 x - 7 scrolls of remove curse
 A - 3 scrolls of magic mapping
 G - a scroll of identify
 K - 3 scrolls of recharging
 N - a scroll of fog
 Y - 2 scrolls of teleportation
Potions
 b - a potion of brilliance
 q - 3 potions of haste
 u - 2 potions of lignification
 v - 3 potions of magic
 z - 2 potions of might
 C - 4 potions of curing
 F - a potion of invisibility
 Q - 2 potions of berserk rage
 W - a potion of ambrosia
Books
 H - a Young Poisoner's Handbook

   Spells                             Type                      Level
   a - Sting                          Conjuration/Poison           1
   b - Mephitic Cloud                 Conjuration/Poison/Air       3
   c - Olgreb's Toxic Radiance        Poison                       4
   d - Alistair's Intoxication        Transmutation/Poison         5
   e - Venom Bolt                     Conjuration/Poison           5
 V - a book of Geomancy

   Spells                             Type                      Level
   a - Sandblast                      Earth                        1
   b - Passwall                       Transmutation/Earth          2
   c - Stone Arrow                    Conjuration/Earth            3
   d - Petrify                        Transmutation/Earth          4
   e - Lee's Rapid Deconstruction     Earth                        5
 X - the Catalogue of the Rocks and the Volcanoes
   (You found it on level 9 of the Dungeon)

   Spells                             Type                      Level
   a - Flame Tongue                   Conjuration/Fire             1
   b - Throw Flame                    Conjuration/Fire             2
   c - Stone Arrow                    Conjuration/Earth            3
   d - Lee's Rapid Deconstruction     Earth                        5
   e - Shatter                        Earth                        9
Comestibles
 f - 7 bread rations
 k - 7 meat rations
 p - 3 slices of pizza
 J - a beef jerky


   Skills:
 - Level 11.5(10.4) Fighting
 * Level 0.1(0.0) Axes
 - Level 3.2(2.4) Throwing
 * Level 9.7(8.7) Armour
 * Level 8.0(7.0) Dodging
 * Level 0.5(0.0) Shields


You had 10 spell levels left.
You didn't know any spells.

Dungeon Overview and Level Annotations

Branches:
Dungeon (13/15)            Temple (0/1) D:7            Lair (0/6) D:10
    Orc (2/2) D:10            Elf (0/3) Orc:2
 Vaults: D:13-14

Altars:
Ashenzari
Dithmenos
Kikubaaqudgha
Ru

Shops:
D:4 }


Innate Abilities, Weirdness & Mutations

You have large cloven feet.
You are completely covered in yellow scales. (AC +4, rCorr)
A weak demonic guardian rushes to your aid.
You are dopey. (Int -2)
You sometimes gain power by taking damage.
You cannot be stealthy.
You cannot study or cast Necromancy magic.
You cannot study or cast Poison magic.
You cannot study or cast Translocations magic.
Your casting is slightly disrupted.
You are somewhat unskilled. (-1 Apt)


Message History

Your quasit claws the ice devil but does no damage.
Your quasit claws the ice devil.
You feel mightier all of a sudden.
Your quasit barely misses the ice devil.
Your quasit claws the ice devil but does no damage. x2
The ice devil misses your quasit.
You hear a thunk.
A bolt appears from out of your range of vision.
The bolt barely misses your quasit.
You barely miss the ice devil.
The ice devil is lightly wounded.
You feel less exhausted.
The ice devil disappears in a puff of smoke!
Your quasit bites the orc sorcerer but does no damage.
Your quasit barely misses the orc sorcerer.
Your quasit closely misses the orc sorcerer.
The orc sorcerer goes into a battle-frenzy!
The orc sorcerer casts a spell at you. The bolt of fire hits you!
You die...

....................
..........).).............
............).............
..#.....(.##)(............
##...(..###))(............
.#.....##.....4o.o......##
......##..........5.......
....###.....#####ยง........
##...#.4o.## #@.(...(...
##..##...# ###.(.#####
#...##... ##### ##.## ####
# # # .


You could see an orc sorcerer and a friendly quasit.

Vanquished Creatures
  A hydra (D:11)
  Urug (Orc:2)
  An obsidian statue (D:10)
  A hill giant (D:10)
  3 ugly things
  A manticore (D:11)
  A centaur zombie (D:12)
  A komodo dragon (D:10)
  6 hippogriffs
  A shadow (D:12)
  A wyvern (D:9)
  Eustachio (D:6)
  3 mottled dragons
  Edmund (D:6)
  A hornet zombie (D:11)
  13 orc warriors
  2 ice beasts
  2 black bears
  4 phantoms
  3 sky beasts
  6 ogres
  5 centaurs
  2 crocodiles
  A big kobold (D:9)
  A gnoll sergeant (D:11)
  7 bullfrogs
  A scorpion (D:7)
  17 killer bees
  4 wights (D:12)
  4 crimson imps
  A bullfrog zombie (D:9)
  2 jellies
  5 hounds
  10 orc priests
  Crazy Yiuf (D:6)
  21 orc wizards
  Jessica (D:2)
  Terence (D:2)
  4 bullfrog skeletons
  3 iguanas
  8 worker ants
  Natasha (thrice) (D:3)
  2 gnolls (D:11)
  11 adders
  A shadow imp (D:5)
  2 oozes
  3 adder skeletons
  4 worms
  2 dart slugs
  3 leopard geckos
  62 orcs
  15 bats
  8 giant cockroaches
  7 goblins
  11 hobgoblins
  21 jackals
  2 quokkas
  3 ball pythons
  4 frilled lizards
  A giant cockroach zombie (D:6)
  9 kobolds
  2 leopard gecko skeletons
  7 rats
336 creatures vanquished.

Vanquished Creatures (collateral kills)
  A hill giant (D:12)
  An ugly thing (D:12)
  A cyclops (D:12)
  A centaur skeleton (D:12)
  A troll (Orc:2)
  Grinder (D:3)
  A hungry ghost (D:10)
  An orc warrior (Orc:2)
  Purgy (D:3)
  An ogre (D:4)
  2 bullfrogs (D:7)
  A scorpion (D:4)
  A jelly (D:9)
  4 orc wizards
  A hound zombie (D:6)
  A gnoll (D:11)
  2 adders
  A shadow imp (D:5)
  10 orcs
33 creatures vanquished.

Vanquished Creatures (others)
  A hornet (D:12)
  2 orc warriors
  A gnoll sergeant (Orc:2)
  An orc priest (Orc:2)
  An orc wizard (D:11)
  3 orcs
9 creatures vanquished.

Grand Total: 378 creatures vanquished

Notes
Turn   | Place    | Note
-------+----------+-------------------------------------------
     0 | D:1      | Chiseanne the Demonspawn Hunter began the quest for the Orb.
     0 | D:1      | Reached XP level 1. HP: 16/16 MP: 1/1
   328 | D:1      | Gained mutation: You sometimes gain a little power by taking damage. [demonic ancestry]
   328 | D:1      | Reached XP level 2. HP: 19/23 MP: 2/2
   504 | D:1      | Reached skill level 3 in Fighting
   970 | D:2      | Noticed Jessica
   972 | D:2      | Killed Jessica
   972 | D:2      | Reached skill level 4 in Fighting
   972 | D:2      | Gained mutation: You are partially covered in yellow scales. (AC +2) [demonic ancestry]
   972 | D:2      | Reached XP level 3. HP: 30/30 MP: 3/3
  1370 | D:2      | Gained mutation: A weak demonic guardian rushes to your aid. [demonic ancestry]
  1370 | D:2      | Reached XP level 4. HP: 37/37 MP: 4/4
  1542 | D:2      | Noticed Terence
  1562 | D:2      | Killed Terence
  2039 | D:3      | Reached skill level 5 in Fighting
  2315 | D:3      | Noticed Purgy
  2329 | D:3      | Reached XP level 5. HP: 44/44 MP: 5/5
  2341 | D:3      | Killed Purgy
  2341 | D:3      | Reached skill level 1 in Armour
  2524 | D:3      | Found a faded altar of an unknown god.
  2532 | D:3      | Became a worshipper of Ru the Awakened
  2547 | D:3      | Gained mutation: You cannot be stealthy. [Ru sacrifice]
  2565 | D:3      | Noticed Natasha
  2582 | D:3      | Killed Natasha
  2779 | D:3      | Noticed Grinder
  2779 | D:3      | Paralysed by Grinder for 2 turns
  2792 | D:3      | Paralysed by Grinder for 5 turns
  2799 | D:3      | Killed Grinder
  2799 | D:3      | Reached XP level 6. HP: 26/52 MP: 6/6
  2983 | D:3      | Noticed Natasha
  3001 | D:3      | Killed Natasha
  3001 | D:3      | Reached skill level 6 in Fighting
  3422 | D:3      | Noticed Natasha
  3434 | D:3      | Killed Natasha
  3467 | D:4      | Gained mutation: You are mostly covered in yellow scales. (AC +3) [demonic ancestry]
  3467 | D:4      | Reached XP level 7. HP: 48/59 MP: 7/7
  3616 | D:4      | Found a shadowy altar of Dithmenos.
  3767 | D:4      | Reached skill level 7 in Fighting
  3924 | D:4      | Found Deni's Gadget Boutique.
  4057 | D:5      | Entered Level 5 of the Dungeon
  4272 | D:5      | Reached XP level 8. HP: 67/67 MP: 8/8
  4308 | D:5      | Reached skill level 5 in Armour
  4899 | D:6      | Reached skill level 8 in Fighting
  5037 | D:6      | Found a runed door.
  5215 | D:6      | Gained mutation: You are somewhat unskilled. (-1 Apt) [Ru sacrifice]
  5215 | D:6      | Reduced skill Fighting to level 7
  5215 | D:6      | Reached * piety under Ru
  5215 | D:6      | Reached ** piety under Ru
  5539 | D:6      | Noticed Edmund
  5553 | D:6      | Killed Edmund
  5644 | D:6      | Noticed Eustachio
  5662 | D:6      | Killed Eustachio
  5662 | D:6      | Reached skill level 8 in Fighting
  5959 | D:6      | Noticed Crazy Yiuf
  5965 | D:6      | Killed Crazy Yiuf
  6248 | D:7      | Found a staircase to the Ecumenical Temple.
  6262 | D:7      | Gained mutation: You are completely covered in yellow scales. (AC +4, rCorr) [demonic ancestry]
  6262 | D:7      | Reached XP level 9. HP: 74/74 MP: 9/9
  7057 | D:8      | Reached skill level 9 in Fighting
  7286 | D:8      | Gained mutation: You cannot study or cast Poison magic. [Ru sacrifice]
  7286 | D:8      | Gained mutation: You cannot study or cast Necromancy magic. [Ru sacrifice]
  7286 | D:8      | Gained mutation: You cannot study or cast Translocations magic. [Ru sacrifice]
  7286 | D:8      | Reached *** piety under Ru
  7549 | D:9      | Gained mutation: You sometimes gain power by taking damage. [demonic ancestry]
  7549 | D:9      | Reached XP level 10. HP: 73/83 MP: 10/10
  7600 | D:9      | Identified the Catalogue of the Rocks and the Volcanoes
  8060 | D:9      | Reached skill level 5 in Dodging
  8299 | D:10     | Entered Level 10 of the Dungeon
  8409 | D:10     | Noticed a hill giant
  8417 | D:10     | Killed a hill giant
  8737 | D:10     | Reached skill level 10 in Fighting
  8953 | D:10     | Noticed an obsidian statue
  9007 | D:10     | Found a shattered altar of Ashenzari.
  9031 | D:10     | Found a staircase to the Lair.
  9529 | D:10     | Found a staircase to the Orcish Mines.
  9800 | D:11     | Noticed a manticore
  9810 | D:11     | Killed a manticore
 10178 | D:11     | Gained mutation: You are dopey. (Int -2) [Ru sacrifice]
 10178 | D:11     | Reached **** piety under Ru
 10571 | D:11     | Gained mutation: You have large cloven feet. [demonic ancestry]
 10571 | D:11     | Reached XP level 11. HP: 89/92 MP: 11/11
 10644 | D:11     | Noticed a red ugly thing
 10676 | D:11     | Killed a red ugly thing
 10977 | D:11     | Noticed a cyan ugly thing
 10989 | D:11     | Killed a cyan ugly thing
 11173 | D:11     | Noticed a seven-headed hydra
 11316 | D:12     | Found an ancient bone altar of Kikubaaqudgha.
 11351 | D:12     | Noticed a red ugly thing
 11368 | D:12     | Killed a red ugly thing
 11623 | D:12     | Noticed a green ugly thing
 11638 | D:12     | Killed a green ugly thing
 12058 | D:12     | Reached skill level 11 in Fighting
 12371 | D:12     | Noticed a hill giant
 12378 | D:12     | Killed a hill giant
 12654 | D:13     | Noticed a skeletal warrior
 12654 | D:13     | Noticed a skeletal warrior
 12655 | D:13     | Noticed a skeletal warrior
 12902 | D:11     | Killed a seven-headed hydra
 13147 | Orc:1    | Entered Level 1 of the Orcish Mines
 13232 | D:10     | Killed an obsidian statue
 13612 | Orc:2    | Entered Level 2 of the Orcish Mines
 13708 | Orc:2    | Gained mutation: Your casting is slightly disrupted. [Ru sacrifice]
 13708 | Orc:2    | Reached ***** piety under Ru
 13722 | Orc:2    | Found a staircase to the Elven Halls.
 13731 | Orc:2    | Noticed Urug
 13732 | Orc:2    | Noticed an enchanted long sword
 13755 | Orc:2    | Killed Urug
 14048 | Orc:2    | Noticed an orc knight
 14078 | Orc:2    | Noticed an orc sorcerer
 14100 | Orc:2    | Killed from afar by an orc sorcerer

Skill      XL: |  1  2  3  4  5  6  7  8  9 10 11 |
---------------+----------------------------------+-----
Fighting       | 4 5 6 7 8 9 10 11 | 11.5
Armour         | 2 3 4 6 7 8 9 |  9.7
Dodging        | 2 4 6 8 |  8.0
Axes           | |  0.1
Throwing       | |  3.2
Shields        | |  0.5

Action                   |  1- 3 |  4- 6 |  7- 9 | 10-12 || total
-------------------------+-------+-------+-------+-------++-------
Melee: Short sword       |   162 |   167 |       |       ||   329
       Hand axe          |       |   163 |   415 |       ||   578
       Flail             |       |       |   280 |   540 ||   820
       Broad axe         |       |       |       |    31 ||    31
Throw: Javelin           |     3 |    11 |    14 |    16 ||    44
       Throwing net      |       |     1 |     2 |       ||     3
       Tomahawk          |       |       |       |    13 ||    13
       Stone             |       |       |       |     2 ||     2
Invok: Sacrifice Stealth |       |     1 |       |       ||     1
       Sacrifice Skill   |       |       |     1 |       ||     1
       Sacrifice Arcana  |       |       |     1 |       ||     1
       Draw Out Power    |       |       |       |     4 ||     4
       Sacrifice Purity  |       |       |       |     1 ||     1
       Power Leap        |       |       |       |     2 ||     2
       Sacrifice Essence |       |       |       |     1 ||     1
Evoke: Wand              |       |       |     3 |     7 ||    10
  Use: Scroll            |       |    12 |    12 |     7 ||    31
       Potion            |       |       |       |    11 ||    11
 Stab: Sleeping          |       |     3 |       |       ||     3
       Held in net/web   |       |     1 |       |       ||     1
       Distracted        |       |       |     3 |     6 ||     9
       Invisible         |       |       |       |     3 ||     3
  Eat: Chunk             |     2 |     7 |    15 |    19 ||    43
       Beef jerky        |       |       |       |     2 ||     2
Armor: Leather armour    |    77 |    52 |       |       ||   129
       Ring mail         |       |    97 |   268 |   284 ||   649
       Scale mail        |       |       |       |    49 ||    49
Dodge: Dodged            |   121 |   371 |   794 |   822 ||  2108
Block: Shield            |       |       |       |    28 ||    28
